 Dungeon Crawl Stone Soup version 0.18.2-3-g5ac21b8443 (webtiles) character file.

15033 Erymatos the Cleaver (level 11, -4/91 HPs)
             Began as a Minotaur Berserker on Nov 25, 2020.
             Was an Elder of Trog.
             Killed from afar by Josephine (19 damage)
             ... with a ghostly fireball
             ... on level 12 of the Dungeon.
             The game lasted 00:31:44 (11037 turns).

Erymatos the Cleaver (Minotaur Berserker)          Turns: 11037, Time: 00:31:44

Health: -4/91      AC: 18    Str: 24    XL:     11   Next: 96%
Magic:  3/3        EV: 10    Int:  2    God:    Trog [****..]
Gold:   633        SH:  8    Dex: 11    Spells: 0 memorised, 10 levels left

rFire  . . .     SeeInvis .     I - +0 broad axe (antimagic)
rCold  + . .     Gourm    .     L - +0 plate armour
rNeg   . . .     Faith    .     y - +0 buckler
rPois  +         Spirit   .     (helmet restricted)
rElec  .         Dismiss  .     x - +0 cloak
rCorr  .         Reflect  +     s - +0 pair of gloves
SustAt .         Harm     .     (no boots)
MR     .....                    f - +3 amulet of reflection
Stlth  ..........               N - -2 ring of intelligence
                                J - ring of poison resistance

@: lethally poisoned (-4 -> -14), exhausted, slowed, very slow, not resistant to
hostile enchantments, extremely unstealthy
A: retaliatory headbutt, horns 2, cold resistance 1, frail 1
a: Berserk, Trog's Hand, Brothers in Arms, Burn Spellbooks, Renounce Religion


You were on level 12 of the Dungeon.
You worshipped Trog.
Trog was greatly pleased with you.
You were very hungry.

You visited 1 branch of the dungeon, and saw 12 of its levels.
You also visited: Labyrinth.

You collected 633 gold pieces.

Inventory:

Hand Weapons
 j - the +1 battleaxe of Qemusm {elec, rElec rPois MP+9}
   (You took it off a minotaur in a labyrinth)

   Occasionally, upon striking a foe, it will discharge some electrical energy
   and cause terrible harm.
   It insulates you from electricity.
   It protects you from poison.
   It affects your magic capacity (+9).
 I - a +0 antimagic broad axe (weapon)
Armour
 r - a +2 scale mail of poison resistance
 s - a +0 pair of gloves (worn)
 x - a +0 cloak (worn)
 y - a +0 buckler (worn)
 L - a +0 plate armour (worn)
Jewellery
 f - a +3 amulet of reflection (around neck)
 z - an uncursed ring of fire
 D - an uncursed ring of protection from cold
 J - a ring of poison resistance (left hand)
 K - an uncursed ring of protection from cold
 N - a -2 ring of intelligence (right hand)
Wands
 e - a wand of random effects (18/48)
 k - a wand of confusion (31/48)
 q - a wand of iceblast (10/15)
 B - a wand of random effects (18/48)
 E - a wand of slowing (18/48)
 M - a wand of slowing (16/48)
Scrolls
 a - a scroll of fog {unknown}
 i - 2 scrolls of blinking
 o - 3 scrolls of recharging
 p - 2 scrolls of noise
 t - 2 scrolls of teleportation
 u - 2 scrolls of fear
 v - 6 scrolls of remove curse
 A - a scroll of enchant armour
 F - 5 scrolls of enchant weapon
 G - a scroll of torment {unknown}
 Q - 3 scrolls of identify
Potions
 b - 2 potions of magic {unknown}
 d - a potion of mutation {unknown}
 g - 2 potions of degeneration {unknown}
 h - a potion of cancellation {unknown}
 l - 3 potions of lignification {unknown}
 m - a potion of resistance {unknown}
 n - a potion of cure mutation {unknown}
 w - 2 potions of ambrosia {unknown}
 H - 3 potions of curing {unknown}
 P - a potion of invisibility {unknown}
Miscellaneous
 O - a crystal ball of energy
Comestibles
 c - 2 bread rations
 C - 6 meat rations
 R - a beef jerky


   Skills:
 + Level 11.3 Fighting
 + Level 12.4 Axes
 + Level 11.8 Armour
 + Level 8.0 Dodging
 + Level 1.5 Stealth
 + Level 8.1 Shields


You had 10 spell levels left.
You didn't know any spells.

Dungeon Overview and Level Annotations

Branches:
Dungeon (12/15)            Temple (0/1) D:6            Lair (0/8) D:8
    Orc: D:9-12

Altars:
Cheibriados
Dithmenos
Elyvilon
Fedhas
Kikubaaqudgha
Makhleb
Nemelex Xobeh
Okawaru
Pakellas
Trog
Xom
Yredelemnul
Zin
Beogh

Shops:
D:6 *

Annotations:
D:7 1 exclusion
D:12 Josephine


Innate Abilities, Weirdness & Mutations

You reflexively headbutt those who attack you in melee.
You have a pair of horns on your head.
Your flesh is cold resistant.
You are frail (-10% HP).


Message History

The arrow closely misses you.
Josephine is infused with unholy energy.
Josephine draws life force from you and is healed!
The orc warrior hits you but does no damage.
The wraith hits you.
* * * LOW HITPOINT WARNING * * *
The wraith drains your vigour!
You feel as though you will be slow longer.
Josephine hits you with a dagger of venom.
* * * LOW HITPOINT WARNING * * *
You are more poisoned.
You feel very sick.
The centaur shoots an arrow.
You reflect the arrow off an invisible shield around you!
The arrow hits the centaur!
The orc warrior hits you but does no damage.
The wraith misses you. You furiously retaliate!
You headbutt the wraith. Josephine casts a spell at you.
The ghostly flame explodes!
The ghostly fireball engulfs you!
You die...

########### #.........#
#.#######.## #^# #...#
##### #.# ###.#.#######
...... #.# #...#........
#.....##(# #.#####..#.##
.......#@####...#........
......@.W##.....#.####.#.
......o...#.# #...# #
..........>.# #..##
.......#.##.###..##
#....c##.##.......####.
##...(##................
.............>.........#
.. #####.
#####..#.########


You could see Josephine, a wraith, an orc warrior and a centaur.

Vanquished Creatures
  A minotaur (Lab)
  Snorg (D:11)
  A hydra (D:12)
  A centaur warrior (D:11)
  The ghost of Tynka the Arsonist, a novice HOFE (D:9)
  A hill giant (D:10)
  A manticore (D:12)
  An ugly thing (D:11)
  Psyche (D:12)
  An elephant (D:8)
  A kobold demonologist (D:11)
  5 trolls
  A yak (D:8)
  A water elemental (D:12)
  2 wraiths (D:12)
  A hippogriff (D:11)
  4 vampire mosquitoes (D:12)
  A hungry ghost (D:10)
  A water moccasin (D:12)
  3 black bears
  A phantom (D:5)
  7 orc warriors
  2 sky beasts
  4 ogres
  A necrophage (D:10)
  2 centaurs
  2 crocodiles (D:8)
  4 giant frogs
  8 big kobolds (D:8)
  A gnoll sergeant (D:10)
  A wyvern skeleton (D:12)
  A water moccasin skeleton (D:6)
  9 killer bees
  An electric eel (D:12)
  7 wights
  6 howler monkeys
  5 crimson imps
  2 centaur skeletons
  7 hounds
  4 jellies
  6 orc wizards
  3 giant frog skeletons
  3 orc priests
  An iguana (D:10)
  11 worker ants
  3 hound skeletons
  2 worker ant zombies
  3 gnolls (D:10)
  17 adders
  2 shadow imps
  2 oozes
  An adder zombie (D:5)
  2 adder skeletons
  A worm (D:3)
  4 dart slugs
  7 giant geckos
  51 orcs
  10 giant cockroaches
  4 goblins
  14 hobgoblins
  19 jackals
  A quokka (D:9)
  5 bats
  A giant newt (D:2)
  5 kobolds
  A quokka zombie (D:5)
  8 rats
  A spectral orc (D:7)
  A plant (D:9)
294 creatures vanquished.

Vanquished Creatures (collateral kills)
  A hydra (D:11)
  A hill giant (D:12)
  A water moccasin (D:11)
  An orc warrior (D:10)
  A big kobold (D:10)
  A crocodile (D:10)
  An electric eel (D:12)
  3 howler monkeys (D:10)
  2 orc wizards
  A worker ant (D:10)
  14 orcs
  7 kobolds (D:10)
34 creatures vanquished.

Vanquished Creatures (others)
  Nessos (D:12)
  A human (D:4)
  A giant newt (D:1)
3 creatures vanquished.

Grand Total: 331 creatures vanquished

Notes
Turn   | Place    | Note
--------------------------------------------------------------
     0 | D:1      | Erymatos the Minotaur Berserker began the quest for the Orb.
     0 | D:1      | Reached XP level 1. HP: 19/19 MP: 0/0
    45 | D:1      | Reached skill level 4 in Axes
    47 | D:1      | Reached XP level 2. HP: 5/27 MP: 1/1
   648 | D:1      | Reached XP level 3. HP: 28/33 MP: 2/2
   717 | D:1      | Reached ** piety under Trog
   961 | D:2      | Found a snail-covered altar of Cheibriados.
  1271 | D:2      | Found a burning altar of Makhleb.
  1273 | D:2      | Reached XP level 4. HP: 41/41 MP: 3/3
  1495 | D:3      | Found a sparkling altar of Nemelex Xobeh.
  1507 | D:3      | Reached skill level 5 in Axes
  1507 | D:3      | Reached XP level 5. HP: 46/47 MP: 4/4
  1663 | D:3      | Reached skill level 5 in Fighting
  1664 | D:3      | Reached *** piety under Trog
  2012 | D:3      | Found an oddly glowing altar of Pakellas.
  2249 | D:4      | Found a shimmering altar of Xom.
  2275 | D:4      | Reached XP level 6. HP: 43/56 MP: 5/5
  2458 | D:4      | Reached skill level 5 in Dodging
  2458 | D:4      | Reached XP level 7. HP: 21/62 MP: 6/6
  2824 | D:4      | Reached skill level 6 in Axes
  3015 | D:4      | Found an ancient bone altar of Kikubaaqudgha.
  3016 | D:4      | Noticed a human
  3018 | D:4      | Killed a human
  3054 | D:5      | Entered Level 5 of the Dungeon
  3096 | D:5      | Found a shadowy altar of Dithmenos.
  3174 | D:5      | Reached **** piety under Trog
  3251 | D:5      | Found a glowing drain.
  3262 | D:5      | Reached skill level 1 in Shields
  3870 | D:6      | Found Zin's Purification Station.
  3870 | D:6      | Found a glowing silver altar of Zin.
  3928 | D:6      | Found a staircase to the Ecumenical Temple.
  3977 | D:6      | Reached XP level 8. HP: 71/71 MP: 7/7
  3981 | D:6      | Reached skill level 5 in Armour
  4064 | D:6      | Found a blossoming altar of Fedhas.
  4248 | D:6      | Found a white marble altar of Elyvilon.
  4578 | D:7      | Reached skill level 7 in Axes
  4595 | D:7      | Gained mutation: You are frail (-10% HP). [mutagenic meat]
  4596 | D:7      | Gained mutation: Your flesh is cold resistant. [mutagenic meat]
  4644 | D:7      | Found a basalt altar of Yredelemnul.
  4705 | D:7      | Reached ***** piety under Trog
  4724 | D:7      | Identified the Guide on Vitriolic Attacks
  4907 | D:7      | Reached XP level 9. HP: 70/72 MP: 8/8
  5086 | D:8      | Found a staircase to the Lair.
  5087 | D:8      | Noticed an elephant
  5100 | D:8      | Killed an elephant
  5100 | D:8      | Reached skill level 8 in Axes
  5259 | D:8      | Received a gift from Trog
  5463 | D:8      | Reached skill level 9 in Axes
  5485 | D:8      | Reached skill level 5 in Shields
  5804 | D:9      | Noticed Tynka's ghost (novice HOFE)
  5815 | D:9      | Killed Tynka's ghost
  5815 | D:9      | Reached XP level 10. HP: 33/81 MP: 3/9
  6105 | D:9      | Reached skill level 10 in Axes
  6293 | D:9      | Found a bloodstained altar of Trog.
  6294 | D:9      | Found an iron altar of Okawaru.
  6674 | D:10     | Entered Level 10 of the Dungeon
  6684 | D:10     | Found a roughly hewn altar of Beogh.
  7058 | D:10     | Noticed a hill giant
  7068 | D:10     | Killed a hill giant
  7092 | D:10     | Reached skill level 10 in Fighting
  7532 | D:10     | Reached skill level 11 in Axes
  7939 | D:10     | Received a gift from Trog
  8685 | D:11     | Found a labyrinth entrance.
  8688 | D:11     | Reached skill level 1 in Stealth
  8691 | Lab      | Entered a labyrinth
  9131 | Lab      | Noticed a minotaur
  9141 | Lab      | Killed a minotaur
  9141 | Lab      | Reached XP level 11. HP: 71/90 MP: 3/10
  9144 | Lab      | Got a slimy battleaxe {elec}
  9153 | Lab      | Identified the +1 battleaxe of Qemusm {elec, rElec rPois MP+9} (You took it off a minotaur in a labyrinth)
  9302 | D:11     | Noticed Snorg
  9316 | D:11     | Killed Snorg
  9347 | D:11     | Noticed a seven-headed hydra
  9352 | D:11     | Killed a nine-headed hydra
  9352 | D:11     | Reached skill level 10 in Armour
  9382 | D:11     | Noticed a white ugly thing
  9393 | D:11     | Killed a white ugly thing
  9803 | D:11     | Noticed a centaur warrior
  9809 | D:11     | Killed a centaur warrior
 10407 | D:12     | Noticed a hill giant
 10417 | D:12     | Killed a hill giant
 10481 | D:12     | Noticed Nessos
 10502 | D:12     | Killed Nessos
 10676 | D:12     | Reached skill level 12 in Axes
 10783 | D:12     | Noticed Psyche
 10789 | D:12     | Killed Psyche
 11015 | D:12     | Noticed a six-headed hydra
 11018 | D:12     | Noticed Josephine
 11023 | D:12     | Killed a nine-headed hydra
 11037 | D:12     | Killed from afar by Josephine

Skill      XL: |  1  2  3  4  5  6  7  8  9 10 11 |
---------------+----------------------------------+-----
Axes           | 4 5 6 7 9 11 12 | 12.4
Fighting       | 4 5 6 7 9 10 11 | 11.3
Dodging        | 3 4 5 6 7 8 |  8.0
Armour         | 3 4 6 7 9 11 | 11.8
Shields        | 1 3 5 6 8 |  8.1
Stealth        | 1 |  1.5

Action                   |  1- 3 |  4- 6 |  7- 9 | 10-12 || total
-------------------------+-------+-------+-------+-------++-------
Melee: Hand axe          |    74 |   142 |   158 |       ||   374
       Headbutt          |     8 |    17 |    76 |    72 ||   173
       War axe           |       |       |   122 |       ||   122
       Broad axe         |       |       |    59 |   289 ||   348
       Battleaxe         |       |       |       |    24 ||    24
Invok: Berserk           |     1 |     2 |     6 |     9 ||    18
       Burn Spellbooks   |       |       |     1 |       ||     1
       Brothers in Arms  |       |       |       |     9 ||     9
       Trog's Hand       |       |       |       |     4 ||     4
  Use: Scroll            |       |       |    10 |     2 ||    12
  Eat: Royal jelly       |     1 |       |       |     1 ||     2
       Beef jerky        |       |     1 |     1 |       ||     2
       Pizza             |       |     1 |     2 |       ||     3
       Bread ration      |       |     1 |     2 |     4 ||     7
       Chunk             |       |       |     5 |     6 ||    11
       Fruit             |       |       |       |     2 ||     2
Armor: Animal skin       |     7 |       |       |       ||     7
       Scale mail        |     2 |    84 |    63 |       ||   149
       Plate armour      |       |       |   109 |   217 ||   326
Dodge: Dodged            |    46 |    81 |   172 |   223 ||   522
Block: Buckler           |       |    13 |    68 |   134 ||   215
       Other             |       |       |       |     8 ||     8
       Reflection        |       |       |       |     3 ||     3
